 Dungeon Crawl Stone Soup version 0.27-a0-1332-g84bddb5ca7 (webtiles) character file.

Game seed: 9946372276088548792

1463 spiderkeys the Skirmisher (level 8, -12/67 HPs)
             Began as a Palentonga Abyssal Knight on June 25, 2021.
             Was a Believer of Lugonu.
             Mangled by a two-headed ogre (32 damage)
             ... on level 8 of the Dungeon.
             The game lasted 00:07:22 (6912 turns).

spiderkeys the Skirmisher (PaAK)                    Turns: 6912, Time: 00:07:23

Health: -12/67     AC: 14    Str: 19    XL:     8   Next: 48%
Magic:  11/12      EV:  9    Int: 12    God:    Lugonu [**....]
Gold:   344        SH:  0    Dex:  9    Spells: 7/7 levels left

rFire    . . .     SeeInvis +   a - +2 spear
rCold    . . .     Faith    .   (no shield)
rNeg     . . .     Spirit   .   s - +0 ring mail
rPois    .         Reflect  .   (no helmet)
rElec    .         Harm     .   p - +0 cloak
rCorr    .         Rampage  .   (no gloves)
Will     .....                  (no barding)
Stlth    ..........             A - amulet of magic regeneration
HPRegen  0.21/turn              (no ring)
MPRegen  0.38/turn              (no ring)

@: curled up
A: large, rugged brown scales 3, see invisible, deformed body, roll 1, armoured
tail, reflexive curl
a: Rolling Charge, Renounce Religion, Depart the Abyss, Bend Space


You were on level 8 of the Dungeon.
You worshipped Lugonu.
Lugonu was pleased with you.
You visited 1 branch of the dungeon, and saw 8 of its levels.
You visited the Abyss 1 time.

You collected 344 gold pieces.


Innate Abilities, Weirdness & Mutations

You are completely covered in rugged brown scales. (AC +3, +7% HP)
You have supernaturally acute eyesight. (SInv)
Armour fits poorly on your strangely shaped body.
You can roll at nearby foes to attack.
You have a long armoured tail.
You curl defensively after being hit.


   Skills:
 + Level 5.5 Fighting
 + Level 4.6 Polearms
 + Level 4.1 Armour
 + Level 3.9 Dodging
 + Level 5.4 Invocations


You had 7 spell levels left.
You didn't know any spells.
Your spell library contained the following spells:

 Spells                   Type           Power      Damage    Failure   Level
 Animate Skeleton         Necr           0%         N/A       50%         1
 Pain                     Necr           0%         1d4       50%         1
 Vampiric Draining        Necr           0%         2d6       86%         3
 Animate Dead             Necr           0%         N/A       99%         4
 Agony                    Necr           0%         N/A       100%        5

Inventory:

Hand Weapons
 a - a +2 spear (weapon)
Missiles
 c - 37 sling bullets
 d - 112 arrows
 g - 34 poisoned darts
 j - 249 stones
 l - 3 boomerangs
 o - 29 bolts
 B - 2 javelins
Armour
 b - a +0 leather armour
 p - a +0 cloak (worn)
   (You found it on level 3 of the Dungeon)
 s - a +0 ring mail (worn)
   (You found it on level 4 of the Dungeon)
Jewellery
 A - an amulet of magic regeneration (around neck)
   (You found it on level 6 of the Dungeon)
Wands
 u - a wand of digging (5)
   (You found it on level 4 of the Dungeon)
 v - a wand of flame (18)
   (You found it on level 5 of the Dungeon)
Scrolls
 f - 3 scrolls of teleportation {@r4}
 i - a scroll of fear
 m - a scroll of noise {!r}
 n - 3 scrolls of magic mapping {!r}
 t - a scroll of blinking {!r}
 w - a scroll of identify {@r1}
 y - 3 scrolls of torment {!r}
Potions
 h - 2 potions of degeneration {unknown}
 k - 2 potions of curing {@q1}
 q - a potion of brilliance {unknown}
 r - a potion of cancellation {unknown}
 x - a potion of lignification {unknown}
 z - 2 potions of heal wounds {unknown}

Dungeon Overview and Level Annotations

Branches:
Dungeon (9/15)             Temple (0/1) D:4
   Lair: D:8-11         Orc: D:9-12

Altars:
Trog
Zin

Shops:
D:1

= ####### .......
.......#############
.......(.(...@OOยง..#
######.###########.#####..
... .................
..... ..#####.#.#####..
#####. #.#.# #. #.#.# #.
#.#โ€ # #. #.#)# #.#.#


You could see 2 two-headed ogres.


Message History

You kill the centaur!
Lugonu accepts your kill.
d - 112 arrows (gained 14)
You see here a +0 shortbow. ๐Ÿ˜ฎ HP[+1] Key pressed, stopping explore.
Key pressed, stopping explore.
You see here a +0 shortbow.
You see here a necrophage corpse.
j - 249 stones (gained 23) Key pressed, stopping explore. 2 two-headed ogres come into view.
The two-headed ogre shouts in stereo! x2 ๐Ÿ˜Ž HP[+19]
Your hp is fully restored (67).
There are monsters nearby!
Aiming: Corrosive Bolt
Press: ? - help, Shift-Dir - straight line, f - two-headed ogre
Aim: a two-headed ogre, wielding two +0 giant clubs (86% to hit)
The bolt of acid hits the two-headed ogre!
The two-headed ogre is splashed with acid.
The acid corrodes the two-headed ogre!
The bolt of acid hits the two-headed ogre!
The two-headed ogre is splashed with acid.
The two-headed ogre hits you with a +0 giant club!
The two-headed ogre barely misses you. ๐Ÿ˜• HP[-12]
You take 12 damage, and now have 55/67 hp.
Aiming: Corrosive Bolt
Press: ? - help, Shift-Dir - straight line, f/p - two-headed ogre
Aim: a two-headed ogre, wielding two +0 giant clubs (moderately wounded, 86% to hit)
The bolt of acid misses the two-headed ogre.
The bolt of acid hits the two-headed ogre!
The two-headed ogre is splashed with acid.
The acid corrodes the two-headed ogre!
Aiming: Corrosive Bolt
Press: ? - help, Shift-Dir - straight line, f/p - two-headed ogre
Aim: a two-headed ogre, wielding two +0 giant clubs (heavily wounded, covered in acid, 86% to hit)
The bolt of acid hits the two-headed ogre!
The two-headed ogre is splashed with acid.
The bolt of acid misses the two-headed ogre.
The now-empty wand crumbles to dust.
The two-headed ogre closely misses you.
The two-headed ogre hits you with a +0 giant club. ๐Ÿ˜• HP[-3]
You take 3 damage, and now have 52/67 hp.
You don't have any such object.
Evoke which item? (* to show all) (? for menu, Esc to quit)
You don't have any such object.
Evoke which item? (* to show all) (? for menu, Esc to quit)
Okay, then.
Unknown command.
Okay, then. ๐Ÿ˜• HP[+1] Throw: 5 javelins
Press: ? - help, Shift-Dir - straight line, f/p - two-headed ogre
Aim: a two-headed ogre, wielding two +0 giant clubs (heavily wounded, covered in acid, 72% to hit)
You throw a javelin.
The javelin pierces through the two-headed ogre!
The javelin pierces through the two-headed ogre!
The two-headed ogre barely misses you.
The two-headed ogre hits you with a +0 giant club. ๐Ÿ˜ฎ HP[-5]
You take 5 damage, and now have 48/67 hp.
That's the wrong kind of item! (Use * to select it.) Fire/throw which item? (* to show all) (? for menu, Esc to quit)
Okay, then.
Throw: 4 javelins
Press: ? - help, Shift-Dir - straight line, f/p - two-headed ogre
Aim: a two-headed ogre, wielding two +0 giant clubs (severely wounded, covered in acid, 72% to hit)
You throw a javelin.
The javelin pierces through the two-headed ogre.
The javelin pierces through the two-headed ogre.
The two-headed ogre is no longer covered in acid.
The two-headed ogre hits you with a +0 giant club!!
* * * LOW HITPOINT WARNING * * *
The two-headed ogre hits you with a +0 giant club.
* * * LOW HITPOINT WARNING * * *
๐Ÿ˜จ HP[-25]
You take 25 damage, and now have 23/67 hp.
MASSIVE DAMAGE!! (PAUSE) Space bends around you!
You blink.
The two-headed ogre is no longer covered in acid. ๐Ÿ˜จ HP[-2] MP[-1]
You take 2 damage, and now have 21/67 hp.
You lost 1 mp, and now have 11/12 mp.
Throw: 3 javelins
Press: ? - help, Shift-Dir - straight line, f/p - two-headed ogre
Aim: a two-headed ogre, wielding two +0 giant clubs (severely wounded, 72% to hit)
You throw a javelin.
The javelin completely misses the two-headed ogre.
The javelin barely misses the two-headed ogre.
The two-headed ogre barely misses you.
The two-headed ogre hits you but does no damage. ๐Ÿ˜จ HP[+1] MP[+1]
Your mp is fully restored (12).
Space bends around you!
You blink.
The two-headed ogre hits you with a +0 giant club!!
You die...

Skill      XL: |  1  2  3  4  5  6  7  8 |
---------------+-------------------------+-----
Dodging        | 1 2 3 |  3.9
Polearms       | 2 3 4 |  4.6
Armour         | 2 3 4 |  4.1
Invocations    | 3 4 5 |  5.4
Fighting       | 4 5 |  5.5

Action                   |  1- 3 |  4- 6 |  7- 9 || total
-------------------------+-------+-------+-------++-------
Melee: Spear             |   120 |    78 |   124 ||   322
       Tailslap          |    13 |     8 |    22 ||    43
Throw: Javelin           |       |       |     3 ||     3
Invok: Depart the Abyss  |     1 |       |       ||     1
       Bend Space        |       |     6 |     4 ||    10
 Abil: Rolling Charge    |     3 |    13 |     4 ||    20
Evoke: Wand              |       |     5 |     7 ||    12
  Use: Scroll            |     7 |     1 |       ||     8
       Potion            |       |       |     1 ||     1
Armor: Leather armour    |    15 |       |       ||    15
       Ring mail         |       |    23 |    66 ||    89
Dodge: Dodged            |    38 |    20 |    71 ||   129

Levels and vault maps discovered:
D:1:      evilmike_arrival_crescent, layout_loops_corners, serial_shops, shop,
          kennysheep_pointless_box, amcnicky_mini_corridor_feature,
          minmay_misc_feat_plants, hangedman_decor_peaks_small, minivault_23
D:2:      layout_basic, basic_ecumenical_altar
D:3:      layout_rooms, minmay_randomly_rotated_circles
D:4:      layout_basic, minmay_temple_entry_statues_pillars
D:5:      layout_rooms
D:6:      layout_loops_cross, grunt_temple_overflow_open, dk_noncrumbling_3,
          uniq_grinder, uniq_blork_the_orc, uniq_maggie
D:8:      layout_basic
D:9:      layout_cave_pools, david_lair_generic, serial_glass, glass_columns_c,
          glass_columns_c, glass_columns_b, nicolae_specific_store, uniq_joseph

Notes
Turn   | Place    | Note
-------+----------+-------------------------------------------
     0 | Abyss:1  | spiderkeys the Palentonga Abyssal Knight began the quest
                  | for the Orb.
     0 | Abyss:1  | Reached XP level 1. HP: 19/19 MP: 2/2
     0 | Abyss:1  | magus.rc [v1.9.10]
    38 | Abyss:1  | Noticed an ancient zyme
    41 | Abyss:1  | Noticed a small abomination
    90 | Abyss:2  | Noticed an ancient zyme
   100 | Abyss:2  | Noticed a phantasmal warrior
   108 | D:1      | You pass through the gate.
   108 | D:1      | Escaped the Abyss
   781 | D:1      | Reached skill level 1 in Dodging
   796 | D:1      | Reached * piety under Lugonu
   797 | D:1      | Reached XP level 2. HP: 25/25 MP: 3/3
   805 | D:1      | Reached skill level 2 in Polearms
  1069 | D:1      | Found Myich's Jewellery Boutique.
  1558 | D:2      | Found a faded altar of an unknown god.
  2315 | D:3      | Reached XP level 3. HP: 9/31 MP: 4/4
  2949 | D:3      | Reached skill level 2 in Armour
  3281 | D:4      | Reached XP level 4. HP: 13/37 MP: 4/6
  3771 | D:4      | Reached skill level 3 in Invocations
  3862 | D:4      | Reached XP level 5. HP: 29/44 MP: 7/7
  3985 | D:4      | You pick up a book of Necromancy and begin reading...
  3985 | D:4      | You add the spells Pain, Animate Skeleton, Vampiric
                  | Draining, Animate Dead and Agony to your library.
  4004 | D:4      | Found a staircase to the Ecumenical Temple.
  4018 | D:4      | Reached ** piety under Lugonu
  4247 | D:5      | Entered Level 5 of the Dungeon
  4250 | D:5      | Noticed a phantom
  4258 | D:5      | Noticed a phantom
  4381 | D:4      | HP: 6/44 [hound (2)]
  4385 | D:4      | Reached skill level 2 in Dodging
  4692 | D:5      | Killed a phantom
  4693 | D:5      | Reached skill level 4 in Fighting
  4693 | D:5      | Reached skill level 3 in Polearms
  4693 | D:5      | Reached XP level 6. HP: 36/51 MP: 6/8
  5087 | D:5      | Reached skill level 3 in Armour
  5087 | D:5      | Reached skill level 4 in Invocations
  5087 | D:5      | Gained mutation: You curl defensively after being hit.
                  | [Palentonga growth]
  5087 | D:5      | Reached XP level 7. HP: 47/58 MP: 8/10
  5391 | D:5      | Reached skill level 3 in Dodging
  5870 | D:6      | Reached skill level 4 in Polearms
  5878 | D:6      | Reached skill level 5 in Fighting
  6036 | D:6      | Found a bloodstained altar of Trog.
  6056 | D:6      | HP: 14/59 [water moccasin (8)]
  6061 | D:6      | HP: 7/59 [water moccasin (7)]
  6063 | D:6      | Reached XP level 8. HP: 8/66 MP: 11/11
  6066 | D:6      | Found a glowing silver altar of Zin.
  6471 | D:6      | Noticed Grinder
  6487 | D:6      | Killed Grinder
  6488 | D:6      | Reached skill level 4 in Armour
  6488 | D:6      | Reached skill level 5 in Invocations
  6746 | D:6      | You fall into a shaft and drop 3 floors!
  6897 | D:8      | Noticed a two-headed ogre
  6897 | D:8      | Noticed a two-headed ogre
  6912 | D:8      | Mangled by a two-headed ogre

Vanquished Creatures
  Grinder (D:6)
  2 water moccasins
  2 necrophages
  An ice beast (D:5)
  2 ogres (D:5)
  2 phantoms (D:5)
  2 centaurs
  2 hounds
  2 bullfrog skeletons (D:6)
  4 iguanas
  4 gnolls (D:4)
  3 adders
  An adder skeleton (D:4)
  3 worms
  A dart slug (D:1)
  4 orcs
  5 endoplasms
  5 goblins
  6 hobgoblins
  2 quokkas
  2 ball pythons
  4 bats (D:1)
  A frilled lizard (D:3)
  8 kobolds
  4 rats
73 creatures vanquished.

Table legend:
 A = Non-vault XP
 B = Vault XP
 C = Vault XP percentage of total XP
 D = Non-vault monster count
 E = Vault monster count
 F = Vault count percentage of total count
                 A         B        C        D         E       F
            +---------+---------+-------+---------+---------+-------
      Total |    1806 |     285 |  13.6 |      66 |       7 |   9.6
            +---------+---------+-------+---------+---------+-------
        D:1 |      26 |       0 |   0.0 |      17 |       0 |   0.0
        D:2 |       7 |       0 |   0.0 |       4 |       0 |   0.0
        D:3 |      20 |      13 |  39.4 |       9 |       6 |  40.0
        D:4 |     224 |       0 |   0.0 |      19 |       0 |   0.0
        D:5 |     891 |       0 |   0.0 |       9 |       0 |   0.0
        D:6 |     407 |     272 |  40.1 |       6 |       1 |  14.3
        D:8 |     231 |       0 |   0.0 |       2 |       0 |   0.0
            +---------+---------+-------+---------+---------+-------

Illustrated notes

Table legend:
 A = Kills in this place as a percentage of kills in entire the game.
 B = Kills by you in this place as a percentage of kills by you in the entire game.
 C = Kills by friends in this place as a percentage of kills by friends in the entire game.
 D = Other kills in this place as a percentage of other kills in the entire game.
 E = Experience gained in this place as a percentage of experience gained in the entire game.
 F = Experience gained in this place divided by the number of levels of this place that you have seen.
                   A       B       C       D       E      F
               +-------+-------+-------+-------+-------+----------------------
         Total | 100.0 | 100.0 |   N/A |   N/A | 100.0 | 209.1
       Dungeon | 100.0 | 100.0 |   N/A |   N/A | 100.0 | 261.4
               +-------+-------+-------+-------+-------+----------------------

Table legend: (Time is in decaauts)
 A = Elapsed time spent in this place.
 B = Non-inter-level travel time spent in this place.
 C = Inter-level travel time spent in this place.
 D = Time resting spent in this place.
 E = Time spent auto-exploring this place.
 F = Levels seen in this place.
 G = Mean time per level.
                   A        B        C        D        E       F      G
               +--------+--------+--------+--------+--------+-----+--------+
         Total |   6905 |   6699 |    206 |    523 |   5430 |  10 |  690.5 |
       Dungeon |   6794 |   6588 |    206 |    523 |   5392 |   8 |  849.2 |
         Abyss |    110 |    110 |      0 |      0 |     38 |   2 |   55.0 |
               +--------+--------+--------+--------+--------+-----+--------+

Top non-repeatable levels by time:
     D:5: 1469 daAuts
     D:1: 1350 daAuts
     D:4: 1240 daAuts
     D:3: 1220 daAuts
     D:2: 730 daAuts
     D:6: 618 daAuts
     D:8: 155 daAuts
 Abyss:2: 60 daAuts
 Abyss:1: 50 daAuts
     D:9: 8 daAuts
